 Dungeon Crawl Stone Soup version 0.30.1-4-g462c640d31 (webtiles) character file.

Game seed: 3878929575916813860

10810 MrPagan1517 the Severer (level 11, -3/99 HPs)
             Began as a Hill Orc Fighter on Aug 29, 2023.
             Was an Elder of Beogh.
             Killed by divine providence
             ... invoked by an orc high priest
              (9 damage)
             ... on level 2 of the Orcish Mines.
             The game lasted 00:32:11 (9416 turns).

MrPagan1517 the Severer (Hill Orc Fighter)          Turns: 9416, Time: 00:32:12

Health: -3/99      AC: 20    Str: 28    XL:     11   Next: 67%
Magic:  11/11      EV: 21    Int:  8    God:    Beogh [****..]
Gold:   1376       SH: 18    Dex: 18    Spells: 10/10 levels left

rFire   . . .        o - +4 war axe (drain)
rCold   . . .        e - +1 tower shield
rNeg    . . .        E - +0 plate armour
rPois   .            m - +0 helmet
rElec   .            l - +2 cloak
rCorr   .            C - +0 pair of gloves
SInv    .            (no boots)
Will    .....        z - amulet of the acrobat Stlth
                     k - +6 ring of dexterity
HPRegen 0.36/turn    n - +6 ring of strength
MPRegen 0.12/turn

%: acrobat
@: acrobatic
A: no striking features
a: Renounce Religion, Smiting, Recall Orcish Followers


You were on level 2 of the Orcish Mines.
You worshipped Beogh.
Beogh was greatly pleased with you.
You visited 2 branches of the dungeon, and saw 11 of its levels.
You also visited: Ice Cave.

You collected 1831 gold pieces.
You spent 455 gold pieces at shops.

Inventory:

Hand Weapons
 a - a +0 war axe of protection
 o - a +4 war axe of draining (weapon)
 J - a +1 battleaxe
Armour
 b - a +0 scale mail
 e - a +1 tower shield (worn)
 l - a +2 cloak (worn)
 m - a +0 helmet (worn)
 w - a scarf of invisibility
 C - a +0 pair of gloves (worn)
 D - a +0 chain mail
 E - a +0 plate armour (worn)
Jewellery
 j - a ring of positive energy
 k - a +6 ring of dexterity (left hand)
 n - a +6 ring of strength (right hand)
 z - an amulet of the acrobat (around neck)
 B - an amulet of reflection
 I - a ring of protection from cold
Wands
 r - a wand of digging (4)
 t - a wand of iceblast (10)
 y - a wand of flame (8)
 G - a wand of charming (20)
Scrolls
 f - a scroll of fear
 q - 6 scrolls of teleportation
 v - a scroll of identify
 A - 2 scrolls of amnesia
 H - a scroll of fog {unknown}
Potions
 c - 2 potions of magic
 g - a potion of haste
 i - a potion of invisibility
 p - a potion of mutation
 s - 2 potions of brilliance
 u - a potion of flight
 x - 2 potions of cancellation
 F - 2 potions of curing {unknown}


   Skills:
 + Level 9.8 Fighting
 + Level 15.5 Axes
 + Level 9.3 Armour
 - Level 1.0 Dodging
 + Level 9.4 Shields


You had 10 spell levels left.
You didn't know any spells.
Your spell library contained the following spells:

 Spells                   Type           Power      Damage    Failure   Level
 Sandblast                Erth           0%         2d4       100%        1
 Summon Small Mammal      Summ           0%         N/A       100%        1
 Ensorcelled Hibernation  Hex/Ice        0%         N/A       100%        2
 Lesser Beckoning         Tloc           0%         N/A       100%        2
 Passwall                 Tmut/Erth      0%         N/A       100%        2
 Sublimation of Blood     Necr           0%         N/A       100%        2
 Wereblood                Tmut           0%         N/A       100%        2
 Call Canine Familiar     Summ           0%         N/A       100%        3
 Gell's Gravitas          Tloc           0%         N/A       100%        3
 Stone Arrow              Conj/Erth      0%         3d7       100%        3
 Summon Guardian Golem    Hex/Summ       0%         N/A       100%        3
 Swiftness                Air            0%         N/A       100%        3
 Teleport Other           Tloc           0%         N/A       100%        3
 Vhi's Electric Charge    Tloc/Air       0%         N/A       100%        3
 Arcjolt                  Conj/Air       0%         1d10      100%        5
 Plasma Beam              Fire/Air       0%         2x1d11    100%        6
 Summon Hydra             Summ           0%         N/A       100%        7


Dungeon Overview and Level Annotations

Branches:
Dungeon (9/15)             Temple (0/1) D:5             Orc (2/2) D:9
    Elf (0/3) Orc:2         IceCv (visited)
   Lair: D:8-11

Altars:
Ashenzari
Cheibriados
Kikubaaqudgha
Okawaru
Qazlal
Trog
Wu Jian
Zin
The Shining One
Beogh

Shops:
D:2 (   D:9 [*   Orc:2 !


Message History

The neqoxec disappears in a puff of smoke!
Your orc knight hits the sixfirhy with a +0 long sword.
You block the orc high priest's attack. x2
Your orc high priest misses the orc warrior.
Your orc high priest hits the ice devil with a +0 battleaxe!
The orc warrior hits you from afar with a +0 glaive.
* * * LOW HITPOINT WARNING * * *
The ice devil hits you but does no damage.
Your orange demon stings the ice devil but does no damage.
The orc knight roars a battlecry!
The orc warrior goes into a battle-frenzy!
You swap places.
The orc knight no longer looks unusually strong.
The sixfirhy closely misses something.
The sixfirhy barely misses something.
The sixfirhy hits something.
The sixfirhy shocks something!
The orc warrior hits your orc high priest with a +0 scimitar!!
Something barely misses the sixfirhy.
The orc high priest mumbles some strange prayers to Beogh.
Send 'em back where they came from!
Your orange demon shudders.
The orc high priest mumbles some strange prayers to Beogh.
Your orc high priest hits the orc warrior with a +0 battleaxe!
The orc warrior dies!
Beogh accepts your kill.
Your orc high priest hits the orc warrior with a +0 battleaxe!
Your orc high priest barely misses the orc warrior.
Your orc high priest hits the ice devil with a +0 battleaxe!
The ice devil hits something!
The ice devil freezes something!
Your orange demon stings the ice devil from afar!
The orc knight unwields a +0 great sword.
The orc knight wields a +0 arbalest.
The orc knight shoots a bolt.
You block the bolt.
The sixfirhy hits something but does no damage.
The sixfirhy disappears in a puff of smoke!
The orc warrior hits your orc high priest with a +0 scimitar!
The orc warrior hits your orc high priest with a +0 long sword.
The orc high priest mumbles some strange prayers to Beogh against you.
Beogh smites you!
You die...
Beogh appreciates the orc high priest's killing of a heretic priest.

####### ..## ###.....###
.....## ###.........###
.......## ##.............#
.....4.4###.......).......
#.#.#4#o#4#.#.#.#.#.#.#)#.
....)o.3oo4.......)..)oooo
...oooo4#o#oo)..).).))))).
.)oo3ooo.@..............))
#.#)#o#)#o#.#.#.#.#)#.#.#)
...oo###........)))..).
......## ##.............#
.....## ###.........###
...## ###.....### ##
#######


You could see an orc knight, 4 orc high priests, a sun demon (summoned), an ice
devil (summoned, distracted, ally target), 2 chaos spawn, 7 orc warriors, a
friendly orc knight, a friendly orc high priest (strong), a friendly orange
demon (summoned), a friendly rust devil (summoned), a friendly orc sorcerer
(strong), a friendly orc warrior (strong) and 3 friendly orcs.

Vanquished Creatures
  A two-headed ogre (D:9)
  Pikel (D:6)
  2 orc knights (Orc:2)
  The ghost of ShellytheWitch the Trooper, a novice MiBe of Trog (D:5)
  Joseph (D:7)
  An ice devil (Orc:2)
  2 trolls
  Prince Ribbit (D:6)
  Sigmund (D:3)
  A shadow (D:9)
  2 wyverns
  A wraith (D:8)
  A death yak simulacrum (IceCv)
  Menkaure (D:4)
  2 steam dragons
  A water moccasin (D:7)
  7 orc warriors
  A sky beast (D:8)
  2 black bears
  3 ogres
  A centaur (D:8)
  A lemure (D:6)
  A phantom (D:5)
  A kobold brigand (D:8)
  Blork the orc (D:4)
  4 bullfrogs
  A gnoll sergeant (D:8)
  A two-headed ogre simulacrum (IceCv)
  A scorpion (D:6)
  2 cane toad simulacra (IceCv)
  6 wights
  A wyvern skeleton (D:5)
  2 elephant simulacra (IceCv)
  8 killer bees
  6 howler monkeys
  4 electric eels
  2 orc priests
  6 hounds
  A jelly (D:5)
  A centaur skeleton (D:5)
  Crazy Yiuf (D:2)
  A gnoll bouda (D:5)
  A bullfrog skeleton (D:5)
  4 sleepcaps
  Ijyb (D:4)
  3 iguanas
  10 orc wizards
  2 spriggan simulacra (IceCv)
  3 polar bear simulacra (IceCv)
  A wolf simulacrum (IceCv)
  A mummy (D:5)
  13 gnolls
  11 adders
  A naga simulacrum (IceCv)
  A shadow imp (D:6)
  2 white imps (D:6)
  An ufetubus (IceCv)
  3 dart slugs
  34 orcs
  5 bats
  3 endoplasms
  5 giant cockroaches
  13 goblins
  10 hobgoblins
  2 quokkas
  5 ball pythons
  4 frilled lizards
  9 kobolds
  6 rats
240 creatures vanquished.

Vanquished Creatures (collateral kills)
  Rupert (Orc:2)
  An ice devil (Orc:2)
  6 orc warriors (Orc:2)
  A gnoll sergeant (Orc:2)
  7 orc priests (Orc:2)
  An orc wizard (Orc:2)
  4 orcs
21 creatures vanquished.

Vanquished Creatures (others)
  5 orc warriors (Orc:2)
  11 orc priests (Orc:2)
  24 orcs
40 creatures vanquished.

Grand Total: 301 creatures vanquished

Notes
Turn   | Place    | Note
-------+----------+-------------------------------------------
     0 | D:1      | MrPagan1517 the Hill Orc Fighter began the quest for the
                  | Orb.
     0 | D:1      | Reached XP level 1. HP: 19/19 MP: 1/1
    65 | D:1      | You fall into a shaft and drop 1 floor!
    90 | D:2      | Reached XP level 2. HP: 27/27 MP: 2/2
   399 | D:1      | Reached skill level 3 in Axes
   399 | D:1      | Reached XP level 3. HP: 27/33 MP: 3/3
   798 | D:2      | Found Ykhink's Antique Weapon Emporium.
   892 | D:2      | Reached XP level 4. HP: 32/40 MP: 4/4
  1111 | D:2      | Reached skill level 4 in Axes
  1238 | D:2      | Found a faded altar of an unknown god.
  1401 | D:2      | Found a runed translucent door.
  1402 | D:2      | Noticed Crazy Yiuf
  1507 | D:2      | Killed Crazy Yiuf
  1508 | D:2      | Reached XP level 5. HP: 24/47 MP: 5/5
  1777 | D:3      | Reached skill level 5 in Axes
  1848 | D:3      | Noticed Sigmund
  1862 | D:3      | Killed Sigmund
  1863 | D:3      | Reached skill level 6 in Axes
  1863 | D:3      | Reached XP level 6. HP: 34/55 MP: 6/6
  2250 | D:4      | Noticed Menkaure
  2253 | D:4      | Killed Menkaure
  2254 | D:4      | Reached skill level 5 in Fighting
  2254 | D:4      | Reached skill level 1 in Dodging
  2254 | D:4      | Reached XP level 7. HP: 61/61 MP: 7/7
  2429 | D:4      | Found a bloodstained altar of Trog.
  2436 | D:4      | Noticed Ijyb
  2445 | D:4      | Killed Ijyb
  2818 | D:4      | Noticed Blork the orc
  2825 | D:4      | Killed Blork the orc
  2826 | D:4      | Reached skill level 7 in Axes
  2876 | D:4      | Identified a scroll of acquirement
  2876 | D:4      | Acquired a +2 war axe of draining
  2991 | D:5      | Entered Level 5 of the Dungeon
  3065 | D:5      | Reached skill level 5 in Armour
  3097 | D:5      | Found a transporter.
  3097 | D:5      | Noticed ShellytheWitch's ghost (novice MiBe)
  3110 | D:5      | Found a transporter.
  3290 | D:5      | Reached skill level 5 in Shields
  3343 | D:5      | Reached skill level 8 in Axes
  3385 | D:5      | Reached XP level 8. HP: 48/69 MP: 8/8
  3477 | D:5      | Became a worshipper of Beogh the Brigand
  3518 | D:5      | Found a staircase to the Ecumenical Temple.
  3621 | D:5      | Found a snail-covered altar of Cheibriados.
  3627 | D:5      | Reached skill level 9 in Axes
  3789 | D:5      | Killed ShellytheWitch's ghost
  3790 | D:5      | Reached skill level 10 in Axes
  4028 | D:6      | Reached XP level 9. HP: 75/75 MP: 9/9
  4065 | D:6      | Found a glowing golden altar of the Shining One.
  4209 | D:6      | Reached * piety under Beogh
  4460 | D:6      | Noticed Prince Ribbit
  4469 | D:6      | Killed Prince Ribbit
  4483 | D:6      | Reached skill level 11 in Axes
  4546 | D:6      | Noticed Pikel
  4569 | D:6      | Killed Pikel
  4814 | D:7      | Reached skill level 12 in Axes
  4948 | D:7      | Noticed Joseph
  4958 | D:7      | Killed Joseph
  4999 | D:7      | Reached XP level 10. HP: 85/88 MP: 10/10
  5389 | D:7      | Reached ** piety under Beogh
  5684 | D:7      | Reached skill level 13 in Axes
  5990 | D:7      | Acquired 471 gold pieces
  6398 | D:8      | Found a stormy altar of Qazlal.
  6401 | D:8      | Found an ancient bone altar of Kikubaaqudgha.
  6401 | D:8      | Found a broken altar of Ashenzari.
  6662 | D:8      | Found an ornate altar of the Wu Jian Council.
  6752 | D:8      | Found an iron altar of Okawaru.
  6957 | D:9      | Found Diedwotta's General Store.
  7031 | D:9      | Found Urolinn's Armour Shop.
  7031 | D:9      | Found a staircase to the Orcish Mines.
  7036 | D:9      | Reached *** piety under Beogh
  7039 | D:9      | Noticed a two-headed ogre
  7050 | D:9      | Killed a two-headed ogre
  7051 | D:9      | Reached skill level 14 in Axes
  7088 | D:9      | Bought a +0 plate armour for 345 gold pieces
  7447 | D:9      | Reached XP level 11. HP: 78/95 MP: 11/11
  7735 | D:9      | Found a glowing silver altar of Zin.
  7933 | Orc:1    | Entered Level 1 of the Orcish Mines
  7953 | Orc:1    | Noticed an orc sorcerer
  8088 | Orc:2    | Entered Level 2 of the Orcish Mines
  8121 | Orc:2    | Noticed Rupert
  8132 | Orc:2    | Killed Rupert
  8158 | Orc:2    | Found Ciuruhuq's Distillery.
  8166 | Orc:2    | Bought a potion of heal wounds for 55 gold pieces
  8166 | Orc:2    | Bought a potion of heal wounds for 55 gold pieces
  8205 | Orc:2    | Found a staircase to the Elven Halls.
  8217 | Orc:2    | Found a roughly hewn altar of Beogh.
  8333 | Orc:2    | Found a frozen archway.
  8340 | Orc:2    | Reached skill level 15 in Axes
  8349 | Orc:2    | Reached **** piety under Beogh
  8356 | IceCv    | Entered an ice cave
  9013 | Orc:2    | Noticed an orc knight
  9016 | Orc:2    | Noticed an orc high priest
  9022 | Orc:2    | Gained Murdo as an ally
  9024 | Orc:2    | Your ally Murdo died
  9401 | Orc:2    | Noticed an orc knight
  9402 | Orc:2    | Noticed an orc knight
  9403 | Orc:2    | Noticed an orc high priest
  9403 | Orc:2    | Noticed an orc high priest
  9404 | Orc:2    | Noticed an orc knight
  9407 | Orc:2    | Noticed an orc knight
  9408 | Orc:2    | Killed an orc knight
  9409 | Orc:2    | Noticed an orc high priest
  9410 | Orc:2    | Noticed an orc high priest
  9412 | Orc:2    | Noticed a sixfirhy
  9412 | Orc:2    | Killed an orc knight
  9412 | Orc:2    | Noticed a sun demon
  9416 | Orc:2    | Noticed a sun demon
  9416 | Orc:2    | Killed from afar by an orc high priest

Illustrated notes

Levels and vault maps discovered:
D:1:      dpeg_arrival_radiant, layout_basic
D:2:      minmay_skewed_foursquare, layout_basic,
          nicolae_ecumenical_lake_church, serial_shops, shop,
          guppyfry_early_orc_mine, uniq_crazy_yiuf_cottage
D:3:      layout_rooms, grunt_decor_resistance, uniq_sigmund
D:4:      layout_loops_ring, mainiacjoe_overflow_surrounded_room,
          minmay_misc_feat_doors, uniq_menkaure, uniq_blork_the_orc, uniq_ijyb
D:5:      layout_basic, slow_altar_2, minmay_temple_entry_nine_rooms,
          gammafunk_ghost_mausoleum, serial_rivers,
          chequers_serial_rivers_marsh, chequers_serial_rivers_micro_b,
          chequers_serial_rivers_small_b, chequers_serial_rivers_micro_b
D:6:      layout_gridville, nicolae_tso_swordbearing_angel,
          kennysheep_generic_room_2, uniq_prince_ribbit1, uniq_pikel
D:7:      layout_basic, serial_bayou_lake_a, uniq_joseph
D:8:      layout_rooms, grunt_qazlal_clouds, mainiacjoe_overflow_divided_tiny,
          mainiacjoe_overflow_big_doors, nrook_uturn, minmay_misc_feat_cross,
          eino_jars
D:9:      layout_small_grid, mainiacjoe_overflow_six_doors_small, orc_david_3,
          serial_shops, nicolae_shop_hallway_stairs
Orc:1:    layout_caves, kennysheep_orc_sif_temple
Orc:2:    st_orc_pillars, layout_diamond_mine, portal_ice_cave_demonic_guard,
          basic_altar, serial_shops, nicolae_shop_advertising_works
          [nicolae_subvault_shop_adworks], uniq_rupert

Skill      XL: |  1  2  3  4  5  6  7  8  9 10 11 |
---------------+----------------------------------+-----
Fighting       | 4 5 6 7 8 9 |  9.8
Axes           | 3 4 6 8 10 12 14 15 | 15.5
Armour         | 4 5 7 8 9 |  9.3
Shields        | 4 5 6 7 8 9 |  9.4
Dodging        | 1 |  1.0

Action                     |  1- 3 |  4- 6 |  7- 9 | 10-12 || total
---------------------------+-------+-------+-------+-------++-------
  Melee: War axe           |    60 |    72 |   214 |   241 ||   587
 Invoke: Convert to Beogh  |       |       |     1 |       ||     1
  Evoke: Wand              |       |       |       |     1 ||     1
    Use: Scroll            |       |     6 |    13 |     7 ||    26
         Potion            |       |       |     3 |     4 ||     7
   Stab: Distracted        |       |       |       |     3 ||     3
         Invisible         |       |       |       |     2 ||     2
 Armour: Scale mail        |    19 |    20 |    10 |       ||    49
         Chain mail        |       |       |    82 |    44 ||   126
         Plate armour      |       |       |       |    47 ||    47
  Dodge: Dodged            |    30 |    21 |    46 |    53 ||   150
  Block: Buckler           |    15 |     2 |       |       ||    17
         Tower shield      |       |    37 |   137 |   195 ||   369
